 Dungeon Crawl Stone Soup version 0.26-a0-808-g930a2b7adc (webtiles) character file.

Game seed: 3358445484445708038

2066259 Scypier the Axe Maniac (level 27, 237/244 HPs)
             Began as a Formicid Abyssal Knight on Nov 10, 2020.
             Was the Champion of Lugonu.
             Escaped with the Orb
             ... and 4 runes on Nov 12, 2020!
             The game lasted 03:16:49 (95493 turns).

Scypier the Axe Maniac (Formicid Abyssal Knight)   Turns: 95493, Time: 03:16:50

Health: 237/244    AC: 51    Str: 25    XL:     27
Magic:  40/40      EV: 13    Int: 19    God:    Lugonu [******]
Gold:   162        SH: 28    Dex: 10    Spells: 36/36 levels left

rFire    + + .     SeeInvis +   H - +9 executioner's axe (flame)
rCold    + + +     Faith    .   X - +8 tower shield {AC+3}
rNeg     . . .     Spirit   .   j - +9 scales of the Dragon King {rPois rF+ rC+ MR+}
rPois    +         Reflect  .   (helmet unavailable)
rElec    +         Harm     .   U - +2 cloak {rCorr}
rCorr    +         Rampage  .   W - +2 pair of gloves
MR       ++++.                  (boots unavailable)
Stlth    ..........             E - amulet of the acrobat
HPRegen  0.00/turn              k - ring of Innat {rF+ rC+ MR+}
MPRegen  0.27/turn              V - ring "Vautet" {rElec rPois rC++ AC+4 Int+4}

@: studying Poison Magic
A: permanent stasis, dig shafts and tunnels, four strong arms, antennae 3,
hooves 3, repulsion field 1, molten scales 1, inhibited regeneration, weak 1
0: Orb of Zot
}: 4/15 runes: decaying, serpentine, slimy, silver
a: Dig, Shaft Self, Depart the Abyss, Bend Space, Banish, Corrupt, Enter the
Abyss, Brand Weapon With Distortion, Renounce Religion


You escaped.
You worshipped Lugonu.
Lugonu was exalted by your worship.
You visited 13 branches of the dungeon, and saw 59 of its levels.
You visited the Abyss 3 times.
You visited 1 bazaar.
You also visited: Ossuary, Gauntlet and Wizlab.

You collected 9743 gold pieces.
You spent 9581 gold pieces at shops.

Inventory:

Hand Weapons
 y - a +9 battleaxe of draining
 H - a +9 executioner's axe of flaming (weapon)
Armour
 j - the +9 scales of the Dragon King (worn) {rPois rF+ rC+ MR+}
   (You bought it in a shop on level 2 of the Depths)

   It protects you from fire.
   It protects you from cold.
   It protects you from poison.
   It affects your resistance to hostile enchantments.
 G - the +2 pair of boots of the Sailor {rF+ Str+3}
   (You bought it in a shop on level 8 of the Dungeon)

   It affects your strength (+3).
   It protects you from fire.
 I - the +1 cloak of Starlight {rElec rC+ EV+4 Stlth--}
   (You found it in a wizard's laboratory)

   It affects your evasion (+4).
   It protects you from cold.
   It insulates you from electricity.
   It makes you much less stealthy.
 U - a +2 cloak of preservation (worn)
 W - a +2 pair of gloves (worn)
 X - a +8 tower shield of protection (worn)
Jewellery
 k - the ring of Innat (left hand) {rF+ rC+ MR+}
   (You took it off a guardian mummy on level 3 of the Crypt)

   [ring of protection from magic]

   It protects you from fire.
   It protects you from cold.
   It affects your resistance to hostile enchantments.
 s - an uncursed amulet of guardian spirit
 t - the ring of Pownipit {rN+++ EV+4 Int-3 Dex+5}
   (You found it on level 4 of the Dungeon)

   [ring of evasion]

   It affects your evasion (+4).
   It affects your intelligence (-3).
   It affects your dexterity (+5).
   It renders you almost immune to negative energy.
 D - the ring "Seneeshri" {rC+ Str+4 Stlth+}
   (You found it on level 1 of the Swamp)

   [ring of protection from cold]

   It affects your strength (+4).
   It protects you from cold.
   It makes you more stealthy.
 E - an amulet of the acrobat (around neck)
 K - an uncursed amulet of magic regeneration
 V - the ring "Vautet" (right hand) {rElec rPois rC++ AC+4 Int+4}
   (You found it on level 1 of the Vaults)

   [ring of protection]

   It affects your AC (+4).
   It affects your intelligence (+4).
   It greatly protects you from cold.
   It insulates you from electricity.
   It protects you from poison.
 Z - an uncursed ring of poison resistance
Wands
 b - a wand of digging (30)
 p - a wand of enslavement (7)
 A - a wand of flame (147)
 B - a wand of acid (72)
 C - a wand of disintegration (50)
 Q - a wand of polymorph (37)
 R - a wand of paralysis (21)
 S - a wand of iceblast (55)
Scrolls
 d - 30 scrolls of remove curse
 e - 2 scrolls of enchant weapon
 g - 11 scrolls of magic mapping
 h - 44 scrolls of identify
 i - 2 scrolls of enchant armour
 m - 8 scrolls of fog
 q - 9 scrolls of fear
 L - 2 scrolls of summoning
 N - 10 scrolls of immolation
 T - 2 scrolls of silence
Potions
 a - 2 potions of invisibility
 l - 17 potions of flight
 n - 5 potions of ambrosia
 o - 25 potions of curing
 r - 10 potions of cancellation
 v - 4 potions of magic
 w - 6 potions of might
 z - 2 potions of heal wounds
 F - 8 potions of brilliance
 J - 6 potions of lignification
 M - 11 potions of attraction
 O - 2 potions of resistance
Books
 u - a manual of Poison Magic
Miscellaneous
 f - a lightning rod (4/4)


   Skills:
 + Level 25.6 Fighting
 O Level 27 Axes
 + Level 23.8 Armour
 - Level 12.0 Dodging
 - Level 15.0 Shields
 - Level 5.0 Spellcasting
 O Level 27 Invocations
 + Level 14.7 Evocations


You had 36 spell levels left.
You didn't know any spells.
Your spell library contained the following spells:

 Spells                   Type           Power        Failure   Level
 Animate Skeleton         Necr           #.....       77%         1
 Beastly Appendage        Tmut           #.....       77%         1
 Corona                   Hex            #......      77%         1
 Foxfire                  Conj/Fire      #...         77%         1
 Freeze                   Ice            #...         77%         1
 Magic Dart               Conj           #...         77%         1
 Pain                     Necr           #...         77%         1
 Sting                    Tmut/Pois      #...         77%         1
 Call Imp                 Summ           #.......     88%         2
 Corpse Rot               Necr/Air       N/A          88%         2
 Ensorcelled Hibernation  Hex/Ice        #.....       88%         2
 Passwall                 Tmut/Erth      #.......     88%         2
 Poisonous Vapours        Pois/Air       #.....       88%         2
 Searing Ray              Conj           #.....       88%         2
 Slow                     Hex            #.......     88%         2
 Sublimation of Blood     Necr           #.........   88%         2
 Wereblood                Tmut           #.......     88%         2
 Confusing Touch          Hex            #.......     98%         3
 Conjure Flame            Conj/Fire      #.......     98%         3
 Dazzling Flash           Conj/Hex       #.....       98%         3
 Frozen Ramparts          Ice            #.....       98%         3
 Gell's Gravitas          Tloc           #.........   98%         3
 Ignite Poison            Fire/Tmut/Pois #.......     98%         3
 Inner Flame              Hex/Fire       #.......     98%         3
 Lesser Beckoning         Tloc           #.........   98%         3
 Mephitic Cloud           Conj/Pois/Air  #.......     98%         3
 Ozocubu's Armour         Ice            #.......     98%         3
 Portal Projectile        Hex/Tloc       #.....       98%         3
 Spider Form              Tmut/Pois      #.........   98%         3
 Static Discharge         Conj/Air       #.......     98%         3
 Stone Arrow              Conj/Erth      #.....       98%         3
 Summon Guardian Golem    Hex/Summ       #.......     98%         3
 Teleport Other           Tloc           #.......     98%         3
 Tukima's Dance           Hex            #.......     98%         3
 Vampiric Draining        Necr           #.........   98%         3
 Animate Dead             Necr           #.........   100%        4
 Cause Fear               Hex            #.........   100%        4
 Dispel Undead            Necr           #.......     100%        4
 Fulminant Prism          Conj/Hex       #.........   100%        4
 Hailstorm                Conj/Ice       #.......     100%        4
 Ice Form                 Ice/Tmut       #.......     100%        4
 Iskenderun's Mystic Bla  Conj/Tloc      #.......     100%        4
 Leda's Liquefaction      Hex/Erth       #.........   100%        4
 Olgreb's Toxic Radiance  Pois           #.......     100%        4
 Petrify                  Tmut/Erth      #.......     100%        4
 Summon Ice Beast         Ice/Summ       #.......     100%        4
 Agony                    Necr           #.......     100%        5
 Alistair's Intoxication  Tmut/Pois      #........    100%        5
 Blade Hands              Tmut           #.........   100%        5
 Excruciating Wounds      Necr           #.........   100%        5
 Irradiate                Conj/Tmut      #.........   100%        5
 Lightning Bolt           Conj/Air       #.........   100%        5
 Metabolic Englaciation   Hex/Ice        #.........   100%        5
 Silence                  Hex/Air        #.........   100%        5
 Summon Forest            Summ/Tloc      #.........   100%        5
 Yara's Violent Unravell  Hex/Tmut       #.........   100%        5
 Dispersal                Tloc           #.........   100%        6
 Eringya's Noxious Bog    Tmut/Pois      #.........   100%        6
 Freezing Cloud           Conj/Ice/Air   #.........   100%        6
 Hydra Form               Tmut           #.........   100%        6
 Ozocubu's Refrigeration  Ice            #.........   100%        6
 Simulacrum               Ice/Necr       #.........   100%        6
 Statue Form              Tmut/Erth      #........    100%        6
 Dragon Form              Tmut           #.........   100%        7
 Haunt                    Necr/Summ      #.........   100%        7
 Malign Gateway           Summ/Tloc      #.........   100%        7
 Monstrous Menagerie      Summ           #.........   100%        7
 Spellforged Servitor     Conj/Summ      #.........   100%        7
 Summon Greater Demon     Summ           #.........   100%        7
 Summon Hydra             Summ           #.........   100%        7
 Borgnjor's Revivificati  Necr           #.........   100%        8
 Chain Lightning          Conj/Air       #.........   100%        8
 Discord                  Hex            #.........   100%        8
 Disjunction              Tloc           #.........   100%        8
 Ignition                 Fire           #.........   100%        8
 Infestation              Necr           #.........   100%        8
 Lehudib's Crystal Spear  Conj/Erth      #.........   100%        8
 Necromutation            Tmut/Necr      #.........   100%        8
 Summon Horrible Things   Summ           #.........   100%        8
 Absolute Zero            Ice            #.........   100%        9
 Death's Door             Necr           #.........   100%        9
 Dragon's Call            Summ           #.........   100%        9
 Fire Storm               Conj/Fire      #.........   100%        9
 Shatter                  Erth           #.........   100%        9
 Tornado                  Air            #.........   100%        9
 Blink                    Tloc           Unusable     N/A         2

Dungeon Overview and Level Annotations

Branches:
Dungeon (15/15)            Temple (1/1) D:6            Lair (6/6) D:8
  Swamp (4/4) Lair:4        Snake (4/4) Lair:2        Slime (5/5) Lair:6
    Orc (2/2) D:9             Elf (3/3) Orc:2        Vaults (5/5) D:13
  Crypt (3/3) Vaults:2       Tomb (0/3) Crypt:3      Depths (5/5) D:15
   Hell (visited)             Dis (0/7) Hell            Geh (0/7) Hell
    Coc (0/7) Hell            Tar (0/7) Hell            Zot (5/5) Depths:5
Ossuary (visited)          WizLab (visited)         Gauntlet (visited)

Altars:
Ashenzari
Cheibriados
Dithmenos
Elyvilon
Fedhas
Gozag
Hepliaklqana
Kikubaaqudgha
Makhleb
Nemelex Xobeh
Okawaru
Qazlal
Ru
Sif Muna
Trog
Uskayaw
Vehumet
Wu Jian
Xom
Yredelemnul
Zin
The Shining One
Jiyva

Shops:
D:8 [   D:9 ?   Orc:2 !?(}   Elf:1 *   Snake:1 [   Vaults:4 [   Depths:2 *[[*

Portals:
Hell: Depths:1 Depths:2 Depths:3 Depths:4 Depths:5
Abyss: Lair:3 Depths:2 Depths:3 Depths:4
Pandemonium: Orc:2 Depths:3
Ziggurat: Depths:4
Trove: D:11 (give +5 demon blade)

Annotations:
D:7 1 runed translucent door, chipmonk's ghost, novice HOFi
D:14 Roxanne
Lair:3 2 transporters, Warom's ghost, journeyman MiFi
Swamp:1 1 transporter, corrupted
Swamp:4 corrupted
Snake:4 corrupted
Slime:5 corrupted
Elf:1 exclusion: orange crystal statue
Crypt:2 1 transporter
Depths:1 corrupted
Zot:2 2 transporters
Zot:3 corrupted
Zot:4 3 runed translucent doors, Zupsuwn's ghost, master BaIE
Zot:5 corrupted
Abyss:1 Kirke; Urug; Vashnia


Innate Abilities, Weirdness & Mutations

You cannot be hasted, slowed, berserked, paralysed or teleported.
You can dig through walls and to a lower floor.
Your four strong arms can wield two-handed weapons with a shield.
You have a pair of large antennae on your head. (SInv)
You have hooves in place of feet.
You are surrounded by a mild repulsion field. (EV +2)
You are partially covered in molten scales. (AC +2)
You do not regenerate when monsters are visible.
You are weak. (Str -2)


Message History

You feel stronger.
Your thinking seems confused.
You feel robust.
Your feet have mutated into hooves.
The +2 pair of boots of the Sailor {rF+ Str+3} falls away!
You start resting.
An orange demon comes into view.
The orange demon screeches!
You block the orange demon's attack.
The orange demon hits you but does no damage.
You slice the orange demon!! You burn the orange demon!
You kick the orange demon!
You kill the orange demon!
Lugonu accepts your kill.
A shadow demon comes into view.
The shadow demon gestures.
There is a staircase leading out of the dungeon here.
The shadow demon gestures.
Unknown command.
There is a staircase leading out of the dungeon here.
The shadow demon gestures.
The ynoxinul gestures.
You have escaped!

#..........# #..#.# # #######
#.########.# #..#.# # ......# #.#
#.# #..#.###
.####.#####.########.#####.......
.###.............................
.#.....######################.###
###....#### #...### #.###
#.....#{####....### ####....
####...[{.###.@...## ###....### #
####.2.g.g......# #......# # #
####..##5.#.......# #......# #
####.).#.35########..# #......# #
.....####### ####..# #....(.###
...### ###.#...########(#.. #..#
####.......#...###.(... #.##
##.#.......##...'....#.. ###
####..........##...#....#.#


You could see a shadow demon, a ynoxinul (summoned), 2 ufetubi and 2 hobgoblins.

Vanquished Creatures
  the Royal Jelly (Slime:5)
  6 orbs of fire (Zot:5)
  A juggernaut (Depths:4)
  3 ancient liches
  A greater mummy (Crypt:3)
  Margery (Depths:3)
  A Killer Klown (Zot:5)
  Xtahua (Vaults:3)
  6 caustic shrikes
  A curse toe (Zot:4)
  24 golden dragons
  A bone dragon (Depths:4)
  Geryon (Hell)
  3 electric golems
  23 tentacled monstrosities
  A shard shrike zombie (Crypt:1)
  Rupert (D:15)
  A Hell Sentinel (D:12)
  26 Orb Guardians
  6 liches
  Jorgrun (D:14)
  2 deep elf master archers (Elf:3)
  2 titans (Vaults:5)
  6 quicksilver dragons
  A tentacled starspawn (Abyss:1)
  2 deep elf blademasters (Elf:3)
  Gastronok (D:8)
  10 ancient champions
  7 acid blobs
  Agnes (D:14)
  9 death cobs
  8 sphinxes
  15 shadow dragons
  16 storm dragons
  6 tengu reavers
  10 nagarajas (Snake:4)
  Donald (Snake:3)
  3 iron dragons
  7 draconian monks
  A warmonger (D:8)
  7 fire giants
  A revenant (Crypt:1)
  4 azure jellies
  9 frost giants
  3 deep elf sorcerers (Elf:3)
  12 draconian knights
  5 deep elf elementalists (Elf:3)
  A balrug (Depths:2)
  8 draconian shifters
  Aizul (Swamp:1)
  2 ghost moths
  15 vault wardens
  A caustic shrike zombie (Crypt:3)
  4 draconian scorchers
  2 cacodemons (Zot:3)
  2 curse skulls
  7 ghouls
  12 draconian stormcallers
  2 war gargoyles
  11 ironheart preservers
  A stone giant (shapeshifter) (Depths:2)
  3 spriggan defenders
  30 stone giants
  7 reapers (Hell)
  An entropy weaver (Vaults:4)
  6 draconian annihilators
  5 vampire knights
  18 very ugly things
  A corrupter (D:9)
  7 deep elf demonologists
  10 green draconians
  7 deep elf annihilators
  A lorocyproca (Depths:5)
  11 red draconians
  12 black draconians
  16 purple draconians
  Nessos (D:15)
  13 spark wasps
  3 bunyips
  11 white draconians
  A minotaur (Gauntlet)
  4 eidola
  11 ettins
  12 yellow draconians
  A death ooze (Slime:5)
  Snorg (D:14)
  A blizzard demon (D:7)
  14 deep elf death magi
  9 jiangshi
  11 fire dragons
  13 ogre magi
  A great orb of eyes (shapeshifter) (Vaults:2)
  17 yaktaur captains
  7 eleionomae
  6 deep elf high priests
  3 mummy priests (Crypt:3)
  6 rakshasas
  8 boulder beetles
  9 ice dragons
  26 vault guards
  16 great orbs of eyes
  6 spriggan air magi
  20 hydras
  7 anacondas
  4 catoblepae
  25 naga warriors
  A ghost crab (Swamp:4)
  8 centaur warriors
  5 death knights
  The ghost of PanSaczeczos the Black Sun, a novice DrNe of Kikubaaqudgha (Lair:1)
  5 alligators
  36 two-headed ogres
  11 deep troll shamans
  4 tengu warriors
  10 spriggan berserkers
  29 dancing weapons
  6 vampire magi
  4 deep troll earth magi
  11 orc high priests
  2 thrashing horrors (WizLab)
  3 shock serpents (Snake:3)
  A death scarab (Gauntlet)
  9 death yaks
  4 hell hogs
  11 sun demons
  29 naga sharpshooters
  3 goliath frogs
  3 sixfirhies
  18 deep elf knights
  A titan skeleton (Depths:2)
  4 soul eaters
  An iron troll (Depths:2)
  39 skeletal warriors
  4 shadow wraiths
  2 salamander mystics
  A spark wasp zombie (Depths:2)
  A golden dragon zombie (Depths:2)
  25 hell knights
  A golden dragon skeleton (Crypt:2)
  An anaconda zombie (Hell)
  30 deep trolls
  A spatial maelstrom (Abyss:1)
  2 storm dragon skeletons
  2 infernal demonspawn (Orc:2)
  6 unseen horrors
  3 wizards
  An unseen horror (shapeshifter) (Vaults:5)
  22 bog bodies
  5 glowing orange brains
  19 ironbrand convokers
  10 naga ritualists
  A shadow dragon zombie (Hell)
  7 flayed ghosts
  7 spriggan druids
  11 swamp dragons
  A gelid demonspawn (Orc:2)
  3 anaconda skeletons (Hell)
  8 phantasmal warriors
  17 deep elf archers
  18 necromancers
  2 wolf spiders
  An eleionoma zombie (Crypt:3)
  2 fire giant zombies (Depths:2)
  9 harpies
  51 ugly things
  A stone giant zombie (Crypt:2)
  21 orc knights
  A wolf spider zombie (Crypt:2)
  5 worldbinders
  5 will-o-the-wisps
  2 frost giant zombies (Depths:2)
  2 mana vipers
  7 orc sorcerers
  A sphinx zombie (Depths:1)
  6 oklob plants
  3 shining eyes
  A salamander (shapeshifter) (Vaults:4)
  4 cyclopes
  3 cyclopes (shapeshifter)
  10 salamanders
  59 deep elf magi
  29 moths of wrath
  4 manticores
  A sphinx skeleton (Depths:1)
  A toenail golem (Zot:3)
  An iron dragon skeleton (Crypt:2)
  11 vault sentinels
  An apocalypse crab (WizLab)
  9 rust devils
  An eleionoma skeleton (Crypt:1)
  11 guardian serpents
  15 naga magi
  3 orange demons
  A gargoyle (D:11)
  A torpor snail (Lair:6)
  28 black mambas
  A molten gargoyle (Hell)
  A red draconian zombie (Crypt:1)
  3 eyes of devastation
  A stone giant skeleton (Crypt:2)
  A dire elephant zombie (Hell)
  A yaktaur zombie (Vaults:3)
  2 cane toads (shapeshifter)
  3 smoke demons
  20 cane toads
  9 komodo dragons
  2 rime drakes (Lair:2)
  9 freezing wraiths
  A pale draconian zombie (Crypt:1)
  2 anaconda simulacra
  63 yaktaurs
  A catoblepas zombie (Crypt:1)
  A hellion (Hell)
  A demonic crawler (Depths:5)
  A hellwing (WizLab)
  A kobold demonologist (D:12)
  24 guardian mummies (Crypt:3)
  3 tengu conjurers
  A yaktaur skeleton (Vaults:3)
  5 red devils (Hell)
  10 ice devils
  A jumping spider (shapeshifter) (Depths:1)
  2 polar bears
  A harpy zombie (Crypt:2)
  5 tyrant leeches
  12 trolls
  2 hydra zombies (Hell)
  A wolf spider simulacrum (Crypt:1)
  4 large abominations
  A troll (shapeshifter) (Depths:1)
  2 polar bears (shapeshifter)
  3 meliai (D:14)
  Grinder (D:4)
  A wind drake (WizLab)
  2 hydra skeletons (Hell)
  A shadow dragon simulacrum (Vaults:3)
  15 hornets
  15 blink frogs
  A hornet (shapeshifter) (Depths:1)
  2 blink frogs (shapeshifter)
  An iron dragon simulacrum (Crypt:1)
  68 slime creatures
  A fire dragon zombie (Crypt:2)
  2 spriggan zombies (Depths:2)
  4 dream sheep (Lair:6)
  4 raiju
  A raiju (shapeshifter) (Vaults:3)
  An ettin zombie (Hell)
  2 alligator zombies (Hell)
  A black mamba zombie (Crypt:3)
  2 human simulacra (Vaults:2)
  3 starcursed masses (Abyss:1)
  An air elemental (Elf:1)
  25 spriggans
  Eustachio (D:4)
  2 shadows (D:11)
  2 tarantellas (Vaults:4)
  6 wyverns
  2 redbacks (Vaults:4)
  3 fire bats (Abyss:1)
  A human (shapeshifter) (D:12)
  13 water elementals
  86 yaks
  7 hogs
  17 ushabtiu (Crypt:3)
  12 fire elementals
  4 golden eyes
  A chaos spawn (Orc:2)
  9 wraiths
  2 neqoxecs
  A soldier ant (shapeshifter) (Vaults:3)
  A deep troll zombie (Vaults:2)
  Menkaure (D:4)
  10 basilisks
  8 wargs
  7 vampire mosquitoes
  79 nagas
  A water nymph zombie (Crypt:1)
  3 insubstantial wisps (WizLab)
  6 small abominations
  A merfolk zombie (Crypt:1)
  2 soldier ants (D:12)
  A spectral cane toad (Gauntlet)
  4 spatial vortices (WizLab)
  16 hell hounds
  13 swamp worms
  4 acid dragons
  19 water moccasins
  A floating eye (Depths:2)
  2 hydra simulacra (Hell)
  5 ice beasts
  9 swamp drakes
  6 black bears
  3 fire dragon simulacra (Depths:1)
  A cane toad skeleton (Hell)
  A hornet zombie (D:10)
  4 eyes of draining
  An eye of draining (shapeshifter) (Vaults:4)
  61 orc warriors
  8 sky beasts
  41 ogres
  2 phantoms
  12 boggarts
  6 necrophages
  20 wolves
  A snapping turtle zombie (Crypt:2)
  22 centaurs
  An orc skeleton (WizLab)
  An elephant skeleton (Crypt:2)
  3 big kobolds
  22 bullfrogs
  3 wyvern zombies
  2 earth elementals (WizLab)
  An elf skeleton (Crypt:3)
  4 gnoll sergeants
  A cane toad simulacrum (Hell)
  2 wyvern skeletons
  4 scorpions
  2 troll zombies (Crypt:3)
  A killer bee (shapeshifter) (Depths:1)
  24 killer bees
  2 wights (D:10)
  3 howler monkeys
  A spriggan skeleton (Hell)
  An electric eel (D:11)
  A howler monkey (shapeshifter) (Vaults:5)
  A crimson imp (Hell)
  A bullfrog zombie (D:11)
  A basilisk zombie (Crypt:2)
  2 quasits
  4 centaur skeletons
  3 centaur zombies
  15 hounds
  A human zombie (Ossuary)
  2 iron imps
  A jelly (shapeshifter) (Vaults:3)
  A gnoll shaman (D:8)
  4 jellies
  34 orc priests
  27 orc wizards
  3 bullfrog skeletons
  7 iguanas
  Ijyb (D:3)
  12 worker ants
  8 human skeletons
  7 hell rats (Lair:5)
  A killer bee zombie (D:6)
  An acid dragon zombie (Crypt:3)
  A felid zombie (Crypt:2)
  A sky beast zombie (Crypt:1)
  A dwarf zombie (Crypt:3)
  2 hound zombies
  4 hound skeletons
  11 mummies
  A worker ant zombie (D:11)
  A howler monkey zombie (D:7)
  25 gnolls
  A howler monkey skeleton (Crypt:1)
  18 adders
  A swamp drake skeleton (Crypt:2)
  A shadow imp (D:7)
  4 white imps
  3 ufetubi
  2 oozes
  An adder skeleton (D:8)
  6 adder zombies
  3 worms
  6 leopard geckos
  135 orcs
  10 giant cockroaches
  A gnoll zombie (Ossuary)
  11 goblins
  11 hobgoblins
  9 jackals
  9 quokkas
  3 ball pythons
  A ball python skeleton (D:5)
  7 bats
  11 frilled lizards
  3 goblin zombies
  4 hobgoblin zombies (Ossuary)
  A jackal skeleton (Crypt:2)
  25 kobolds
  3 kobold zombies (Ossuary)
  2 quokka zombies
  4 rats
  A rat zombie (Ossuary)
  2 crawling corpses
  A plant (Lair:1)
  A starspawn tentacle (Abyss:1)
2981 creatures vanquished.

Vanquished Creatures (others)
  3 orbs of fire
  An ancient lich (Zot:5)
  A Killer Klown (Zot:5)
  the Lernaean hydra (Swamp:4)
  2 golden dragons
  2 tentacled monstrosities (Zot:5)
  3 Orb Guardians (Zot:5)
  6 acid blobs (Slime:5)
  An eldritch tentacle (WizLab)
  A nagaraja (Snake:4)
  3 azure jellies (Slime:5)
  2 draconian stormcallers (Zot:5)
  2 draconian annihilators (Zot:5)
  A black draconian (Zot:5)
  A purple draconian (Zot:5)
  A yellow draconian (Zot:5)
  An eleionoma (Swamp:1)
  A deep elf high priest (Depths:5)
  3 death oozes (Slime:5)
  A green death (Zot:5)
  4 naga warriors (Snake:4)
  4 great orbs of eyes
  A hydra (Swamp:1)
  A ghost crab (Swamp:1)
  2 alligators (Swamp:1)
  A dancing weapon (Elf:1)
  A vampire mage (Depths:3)
  2 naga sharpshooters (Snake:4)
  A naga ritualist (Snake:4)
  A flayed ghost (Crypt:3)
  3 shining eyes
  2 obsidian statues
  A guardian serpent (Snake:4)
  2 moths of wrath
  A hornet (Swamp:1)
  2 bloated husks
  14 slime creatures (Slime:5)
  A spriggan (Swamp:1)
  2 golden eyes (Depths:1)
  A vampire mosquito (Swamp:1)
  A naga (Snake:4)
  A floating eye (Depths:1)
  An orc warrior (Orc:2)
  An eye of draining (Depths:1)
  A boggart (Depths:3)
  A centaur (Depths:1)
  A crimson imp (Hell)
  An orc (Vaults:3)
  21 demonic plants (Gauntlet)
  17 foxfires
  35 fungi
  103 plants
  42 starspawn tentacles
310 creatures vanquished.

Grand Total: 3291 creatures vanquished

Notes
Turn   | Place    | Note
-------+----------+-------------------------------------------
     0 | Abyss:1  | Scypier the Formicid Abyssal Knight began the quest for the
                  | Orb.
     0 | Abyss:1  | Reached XP level 1. HP: 18/18 MP: 2/2
   106 | D:1      | Escaped the Abyss
   229 | D:1      | Reached * piety under Lugonu
   234 | D:1      | Reached XP level 2. HP: 24/24 MP: 3/3
   793 | D:1      | Reached XP level 3. HP: 29/29 MP: 4/4
  2310 | D:2      | Reached XP level 4. HP: 37/37 MP: 5/5
  2343 | D:2      | Reached ** piety under Lugonu
  3463 | D:3      | Reached XP level 5. HP: 42/42 MP: 6/6
  3474 | D:3      | Noticed Ijyb
  4216 | D:3      | Reached XP level 6. HP: 48/48 MP: 8/8
  4417 | D:3      | Killed Ijyb
  5047 | D:4      | Reached *** piety under Lugonu
  5161 | D:4      | Noticed Menkaure
  5306 | D:3      | Reached XP level 7. HP: 55/55 MP: 9/9
  5313 | D:4      | Found a burning altar of Makhleb.
  5313 | D:4      | Noticed a green death
  5322 | D:4      | Noticed a smoke demon
  5322 | D:4      | Noticed a neqoxec
  5335 | D:4      | Noticed Grinder
  5345 | D:4      | Killed Grinder
  5345 | D:4      | Reached skill level 5 in Fighting
  5345 | D:4      | Reached skill level 5 in Axes
  5513 | D:4      | Got a faintly glowing brass ring
  5521 | D:4      | Identified the ring of Pownipit {rN+++ EV+4 Int-3 Dex+5}
                  | (You found it on level 4 of the Dungeon)
  5625 | D:4      | Noticed Eustachio
  5665 | D:4      | Killed Eustachio
  5665 | D:4      | Reached XP level 8. HP: 37/63 MP: 11/11
  5897 | D:4      | Killed Menkaure
  5897 | D:4      | Reached skill level 5 in Armour
  6044 | D:3      | Reached skill level 5 in Invocations
  6382 | D:4      | Found a snail-covered altar of Cheibriados.
  6426 | D:4      | Found a broken altar of Ashenzari.
  6458 | D:4      | Found a hazy altar of Hepliaklqana.
  6768 | D:5      | Entered Level 5 of the Dungeon
  6822 | D:5      | Found an iron altar of Okawaru.
  6839 | D:5      | Reached XP level 9. HP: 69/69 MP: 13/13
  6869 | D:5      | Found a sand-covered staircase.
  6880 | Ossuary  | Entered an ossuary
  7206 | D:5      | Reached **** piety under Lugonu
  8214 | D:6      | Found a staircase to the Ecumenical Temple.
  8390 | Temple   | Entered the Ecumenical Temple
  8767 | D:6      | You fall into a shaft and drop 2 floors!
  9089 | D:8      | Found a staircase to the Lair.
  9119 | D:8      | Noticed a death yak
  9165 | D:8      | You fall into a shaft and drop 1 floor!
  9186 | D:9      | Noticed a two-headed ogre
  9203 | D:9      | Gained mutation: Your movements are slightly less
                  | encumbered by armour. (ER -2) [potion of mutation]
  9203 | D:9      | Gained mutation: You are frail. (-10% HP) [potion of
                  | mutation]
  9203 | D:9      | Gained mutation: You have sharp toenails. [potion of
                  | mutation]
  9203 | D:9      | Gained mutation: You are partially covered in large bone
                  | plates. (SH +4) [potion of mutation]
  9211 | D:9      | You fall into a shaft and drop 1 floor!
  9211 | D:10     | Entered Level 10 of the Dungeon
  9437 | D:9      | Noticed a two-headed ogre
  9445 | D:9      | Banished a two-headed ogre
  9445 | D:9      | Reached XP level 10. HP: 67/71 MP: 13/15
 10198 | D:9      | Banished a two-headed ogre
 10356 | D:8      | Reached skill level 10 in Axes
 10611 | D:8      | Reached ***** piety under Lugonu
 10669 | D:8      | Noticed Gastronok
 10678 | D:7      | Reached skill level 1 in Shields
 10798 | D:7      | Found an opulent altar of Gozag.
 10820 | D:7      | Reached XP level 11. HP: 78/78 MP: 17/17
 11129 | D:6      | Found a white marble altar of Elyvilon.
 11729 | D:6      | Found a basalt altar of Yredelemnul.
 12120 | D:7      | Found a runed translucent door.
 12448 | D:7      | Noticed chipmonk's ghost (novice HOFi)
 12752 | D:8      | Killed a death yak
 12920 | D:8      | Killed Gastronok
 12949 | D:8      | Found Urghuoni's Antique Armour Emporium.
 12959 | D:8      | Bought a pair of spiked boots for 275 gold pieces
 12964 | D:8      | Identified the +2 pair of boots of the Sailor {rF+ Str+3}
                  | (You bought it in a shop on level 8 of the Dungeon)
 13332 | D:9      | Found Runiluli's Magic Scroll Shop.
 13537 | D:9      | Found a staircase to the Orcish Mines.
 13564 | D:9      | Reached XP level 12. HP: 80/86 MP: 19/19
 14010 | D:10     | Noticed an unseen horror
 14019 | D:10     | Killed an unseen horror
 14019 | D:10     | Reached ****** piety under Lugonu
 14202 | D:10     | Reached skill level 5 in Shields
 15089 | Lair:1   | Entered Level 1 of the Lair of Beasts
 15099 | D:8      | Upgraded the game from 0.26-a0-784-g51bffae0b1 to
                  | 0.26-a0-800-g517d6fe721
 15285 | Lair:1   | Reached skill level 10 in Invocations
 15659 | Lair:1   | Noticed PanSaczeczos's ghost (novice DrNe)
 15662 | Lair:1   | Found a runed translucent door.
 15772 | Lair:1   | Reached skill level 10 in Fighting
 16411 | Lair:2   | You fall into a shaft and drop 1 floor!
 16607 | Lair:2   | Reached XP level 13. HP: 93/93 MP: 20/20
 16626 | Lair:2   | Reached skill level 10 in Armour
 16681 | Lair:2   | Found a staircase to the Snake Pit.
 17213 | Lair:2   | Noticed a six-headed hydra
 17229 | Lair:2   | Killed a six-headed hydra
 17828 | Lair:3   | Found a transporter.
 17868 | Lair:3   | Found a transporter.
 17871 | Lair:3   | Found a one-way gate to the infinite horrors of the Abyss.
 17889 | Lair:3   | Noticed Warom's ghost (journeyman MiFi)
 18021 | Lair:3   | Noticed Urug
 18031 | Lair:3   | Banished Urug
 18601 | Lair:4   | Noticed a boulder beetle
 18618 | Lair:4   | Killed a boulder beetle
 18861 | Lair:4   | Noticed a five-headed hydra
 18886 | Lair:4   | Killed a five-headed hydra
 19135 | Lair:4   | You fall into a shaft and drop 2 floors!
 19135 | Lair:6   | Entered Level 6 of the Lair of Beasts
 19140 | Lair:6   | Noticed an eight-headed hydra
 19260 | Lair:5   | Noticed an eight-headed hydra
 19275 | Lair:5   | Banished an eight-headed hydra
 19370 | Lair:5   | Reached XP level 14. HP: 101/101 MP: 22/22
 19533 | Lair:4   | Reached skill level 15 in Axes
 19533 | Lair:4   | Reached XP level 15. HP: 107/107 MP: 23/23
 19621 | Lair:4   | Found a staircase to the Swamp.
 19978 | Lair:5   | Noticed Kirke
 20162 | Lair:5   | Banished Kirke
 22161 | Lair:6   | Found a staircase to the Slime Pits.
 22161 | Lair:6   | Found a viscous altar of Jiyva.
 22966 | D:11     | Reached skill level 10 in Shields
 23160 | D:11     | Found a gate leading to a gauntlet.
 23169 | Gauntlet | Entered a Gauntlet
 23169 | Gauntlet | Found a transporter.
 23169 | Gauntlet | Found a transporter.
 23171 | Gauntlet | Found a transporter.
 23172 | Gauntlet | Found a transporter.
 23174 | Gauntlet | Found a transporter.
 23209 | Gauntlet | Found a transporter.
 23211 | Gauntlet | Found a transporter.
 23211 | Gauntlet | Found a transporter.
 23224 | Gauntlet | Found a transporter.
 23240 | Gauntlet | Found a transporter.
 23250 | Gauntlet | Found a transporter.
 23266 | Gauntlet | Found a transporter.
 23304 | Gauntlet | Found a transporter.
 23316 | Gauntlet | Found a transporter.
 23575 | Gauntlet | Reached XP level 16. HP: 90/114 MP: 25/25
 24567 | D:11     | Found a portal to a secret trove of treasure.
 26224 | Orc:1    | Entered Level 1 of the Orcish Mines
 26769 | Orc:1    | Found a radiant altar of Vehumet.
 27512 | Orc:2    | Entered Level 2 of the Orcish Mines
 27515 | Orc:2    | Found a staircase to the Elven Halls.
 27874 | Orc:2    | Reached skill level 1 in Evocations
 28119 | Orc:2    | Found Dount's Distillery.
 28120 | Orc:2    | Found Yqokuyr's Magic Scroll Boutique.
 28796 | Orc:2    | Reached XP level 17. HP: 115/122 MP: 27/27
 29382 | Orc:2    | Gained mutation: Your body sometimes deteriorates upon
                  | taking damage. [a neqoxec]
 29421 | Orc:2    | Found Xuanliti's Gadget Emporium.
 29421 | Orc:2    | Found a one-way gate leading to the halls of Pandemonium.
 29421 | Orc:2    | Found Daodgh's Antique Weapon Shoppe.
 30780 | D:13     | Found a gate to the Vaults.
 30972 | D:14     | Noticed Roxanne
 30972 | D:14     | Noticed Snorg
 31003 | D:14     | Noticed Jorgrun
 31020 | D:14     | Killed Jorgrun
 31374 | D:14     | Killed Snorg
 32165 | D:15     | Entered Level 15 of the Dungeon
 32165 | D:15     | Noticed Agnes
 32197 | D:14     | Killed Agnes
 32514 | D:15     | Noticed Nessos
 32573 | D:15     | Killed Nessos
 32788 | D:15     | Noticed Rupert
 32798 | D:15     | Killed Rupert
 32842 | D:15     | Found a staircase to the Depths.
 34346 | Snake:1  | Entered Level 1 of the Snake Pit
 34956 | Snake:1  | Reached skill level 5 in Evocations
 34986 | Snake:1  | Found Hiudd's Antique Armour Shop.
 35023 | Snake:1  | Reached XP level 18. HP: 93/130 MP: 28/28
 36909 | Snake:2  | Noticed Vashnia
 37011 | Snake:2  | Banished Vashnia
 39027 | Snake:3  | Noticed Donald
 39041 | Snake:3  | Killed Donald
 39041 | Snake:3  | Reached skill level 15 in Invocations
 39807 | Snake:4  | Entered Level 4 of the Snake Pit
 39828 | Snake:4  | Reached XP level 19. HP: 115/136 MP: 30/30
 44784 | Snake:4  | Corrupted Snake:4
 44802 | Snake:4  | Noticed a profane servitor
 44888 | Snake:4  | Got a serpentine rune of Zot
 44996 | Snake:2  | Identified a scroll of acquirement
 44996 | Snake:2  | Acquired the ring "Okiamm" {rPois rC+}
 45251 | Swamp:1  | Entered Level 1 of the Swamp
 45253 | Swamp:1  | Found a transporter.
 45266 | Swamp:1  | Found a transporter.
 45294 | Swamp:1  | Noticed Aizul
 45321 | Swamp:1  | Killed Aizul
 45590 | Swamp:1  | Reached XP level 20. HP: 142/144 MP: 31/31
 46191 | Swamp:1  | Corrupted Swamp:1
 46192 | Swamp:1  | Noticed a bone dragon
 46224 | Swamp:1  | Noticed an ancient lich
 46285 | Swamp:1  | Got a scorched amber ring
 46335 | Swamp:1  | Identified the ring "Seneeshri" {rC+ Str+4 Stlth+} (You
                  | found it on level 1 of the Swamp)
 46472 | Swamp:2  | Reached skill level 15 in Fighting
 48067 | Swamp:4  | Entered Level 4 of the Swamp
 48072 | Swamp:4  | Reached skill level 15 in Armour
 49487 | Swamp:4  | Noticed the 27-headed Lernaean hydra
 49657 | Swamp:4  | Corrupted Swamp:4
 49660 | Swamp:4  | Killed the 27-headed Lernaean hydra
 49708 | Swamp:4  | Got a decaying rune of Zot
 49951 | Elf:1    | Entered Level 1 of the Elven Halls
 49973 | Elf:1    | Found a shimmering blue altar of Sif Muna.
 50740 | Elf:1    | Found Doklast's Assorted Antiques.
 50755 | Elf:1    | Bought a bloodstained tower shield for 266 gold pieces
 50765 | Elf:1    | Identified the +1 tower shield of the Constellations
                  | {Rampage} (You bought it in a shop on level 1 of the Elven
                  | Halls)
 51552 | Elf:2    | Reached XP level 21. HP: 152/152 MP: 33/33
 52139 | Elf:2    | Found a runed translucent door.
 52163 | Elf:2    | Found a runed translucent door.
 52291 | Elf:2    | Reached skill level 15 in Shields
 53206 | Vaults:1 | Entered Level 1 of the Vaults
 53290 | Vaults:1 | Found a magical portal.
 53322 | WizLab   | Entered The Roulette of Golubria
 53322 | WizLab   | Found a transporter.
 53334 | WizLab   | Found a corrupted altar of Lugonu.
 53389 | WizLab   | Found a transporter.
 53402 | WizLab   | Found a transporter.
 53629 | WizLab   | Found a transporter.
 53694 | WizLab   | Found a transporter.
 53694 | WizLab   | Found a transporter.
 53721 | WizLab   | Found a transporter.
 53748 | WizLab   | Found a transporter.
 53787 | WizLab   | Found the +1 cloak of Starlight {rElec rC+ EV+4 Stlth--}
 53939 | WizLab   | Found a transporter.
 53939 | WizLab   | Found a transporter.
 53983 | WizLab   | Found a transporter.
 53983 | WizLab   | Found a transporter.
 54053 | WizLab   | Found a transporter.
 54053 | WizLab   | Found a transporter.
 54114 | WizLab   | Identified the Guide on Displacement
 54141 | WizLab   | Found a transporter.
 54141 | WizLab   | Found a transporter.
 54149 | WizLab   | Found a corrupted altar of Lugonu.
 54198 | WizLab   | Found a transporter.
 54198 | WizLab   | Found a transporter.
 54246 | WizLab   | Found a transporter.
 54282 | WizLab   | Corrupted WizLab
 54282 | WizLab   | Noticed a lich
 54307 | WizLab   | Found a transporter.
 54322 | WizLab   | Got a slimy cloak
 54413 | WizLab   | Identified the cursed +0 cloak "Xeck" {Dex+2} (You found it
                  | in a wizard's laboratory)
 54480 | Vaults:1 | Got an ancient golden ring
 54567 | Vaults:1 | Identified the ring "Vautet" {rElec rPois rC++ AC+4 Int+4}
                  | (You found it on level 1 of the Vaults)
 55270 | Vaults:1 | Reached XP level 22. HP: 161/161 MP: 34/34
 55986 | Vaults:2 | Reached skill level 1 in Dodging
 56711 | Vaults:2 | Found a gateway to a bazaar.
 56883 | Bazaar   | Entered a bazaar
 56883 | Bazaar   | Found Otred's Jewellery Emporium.
 56883 | Bazaar   | Found Betyr's Antique Weapon Boutique.
 56888 | Bazaar   | Found Bozinoq's Assorted Antiques.
 56896 | Bazaar   | Bought 2 scrolls labelled VOOWAG DEOPAI for 46 gold pieces
 56898 | Bazaar   | Bought a wand of acid (9) for 184 gold pieces
 56912 | Bazaar   | Found Isecekikk's Armour Boutique.
 56923 | Bazaar   | Found Ynappaso's Armour Shop.
 56976 | Bazaar   | Bought the ring "Kegem" {MR+ MP+9} for 814 gold pieces
 57515 | Vaults:2 | Found a staircase to the Crypt.
 58593 | Vaults:3 | Reached XP level 23. HP: 168/168 MP: 36/36
 58723 | Vaults:3 | Noticed Xtahua
 58736 | Vaults:3 | Killed Xtahua
 59875 | Vaults:4 | Reached skill level 5 in Dodging
 59897 | Vaults:4 | Reached skill level 10 in Evocations
 60826 | Vaults:4 | Found Tyoliog's Armour Shoppe.
 61222 | Depths:1 | Entered Level 1 of the Depths
 61271 | Depths:1 | Reached XP level 24. HP: 158/177 MP: 36/36
 61416 | Depths:1 | Found a gateway to Hell.
 62411 | Depths:1 | Gained mutation: You occasionally shout uncontrollably at
                  | your foes. [a shining eye]
 62586 | Depths:1 | Corrupted Depths:1
 63488 | Depths:2 | Noticed a caustic shrike
 63633 | Depths:1 | Killed a caustic shrike
 64646 | Depths:2 | Found Fotokh's Antique Armour Emporium.
 64646 | Depths:2 | Found Hiliteni's Antique Armour Shoppe.
 64854 | Depths:2 | Found Toclustru's General Store.
 64854 | Depths:2 | Found Anasuedi's Assorted Antiques.
 64901 | Depths:2 | Reached XP level 25. HP: 148/183 MP: 36/36
 65336 | Depths:2 | Noticed a caustic shrike
 65336 | Depths:2 | a shadow dragon changed into a caustic shrike
 65340 | Depths:2 | a caustic shrike changed into a sphinx
 66464 | Depths:2 | Found the +10 dark maul {vorpal}
 66754 | Depths:2 | Upgraded the game from 0.26-a0-800-g517d6fe721 to
                  | 0.26-a0-808-g930a2b7adc
 66760 | Depths:3 | Noticed Margery
 67860 | Depths:3 | Killed Margery
 68706 | Depths:4 | Reached XP level 26. HP: 191/193 MP: 37/37
 68912 | Depths:4 | Noticed a juggernaut
 68940 | Depths:4 | Killed a juggernaut
 69266 | Depths:4 | Identified the Disquisition on the Evil Compass
 69273 | Depths:4 | Identified the Papyrus of Noxious Evil
 69475 | Depths:4 | Reached skill level 10 in Dodging
 69902 | Depths:4 | Found a gateway to a ziggurat.
 70196 | Depths:5 | Entered Level 5 of the Depths
 70908 | Depths:5 | Found a gate to the Realm of Zot.
 71322 | Depths:5 | Reached XP level 27. HP: 184/200 MP: 37/37
 72330 | Elf:3    | Entered Level 3 of the Elven Halls
 72904 | Elf:3    | Cast into level 3 of the Abyss (a deep elf demonologist)
 72905 | Elf:3    | Escaped the Abyss
 73247 | Elf:3    | Lost mutation: You are frail. (-10% HP) [potion of
                  | mutation]
 73247 | Elf:3    | Lost mutation: You occasionally shout uncontrollably at
                  | your foes. [potion of mutation]
 73247 | Elf:3    | Lost mutation: You have sharp toenails. [potion of
                  | mutation]
 73247 | Elf:3    | Gained mutation: Armour fits poorly on your strangely
                  | shaped body. [potion of mutation]
 73247 | Elf:3    | Gained mutation: You passively map a small area around you.
                  | [potion of mutation]
 73247 | Elf:3    | Gained mutation: You are partially covered in molten
                  | scales. (AC +2) [potion of mutation]
 73426 | Elf:3    | Identified the +2 robe of Rupt {Harm rPois rF- rCorr}
 73600 | Elf:3    | Identified the +3 war axe of Mourning {speed, Fragile +Rage
                  | MR+}
 73910 | Elf:3    | Identified the amulet of Tuliqah {Regen+ Dex+2}
 74660 | Vaults:5 | Entered Level 5 of the Vaults
 74660 | Vaults:5 | Noticed an ancient lich
 74674 | Vaults:5 | Killed an ancient lich
 74820 | Abyss:1  | Gained mutation: Your spells are a little easier to cast,
                  | but a little less powerful. [a neqoxec]
 75254 | Vaults:5 | Escaped the Abyss
 75348 | Vaults:5 | Got a silver rune of Zot
 75374 | Vaults:5 | Identified the amulet "Beomm" {Reflect Fragile rC- Dex+8
                  | SH+5 SInv} (You found it on level 5 of the Vaults)
 75925 | Vaults:5 | Noticed an ancient lich
 75939 | Vaults:5 | Killed an ancient lich
 76075 | Vaults:5 | Identified the +6 flail of Quantum Leap {vorpal, Str+3}
 77589 | Vaults:5 | Identified the cursed +1 plate armour of Vomesay {rF+ SInv}
 77864 | Depths:2 | Bought the +9 scales of the Dragon King {rPois rF+ rC+ MR+}
                  | for 5491 gold pieces
 77864 | Depths:2 | Found the +9 scales of the Dragon King {rPois rF+ rC+ MR+}
 78551 | Slime:1  | Entered Level 1 of the Pits of Slime
 78580 | Slime:3  | Gained mutation: You are weak. (Str -2) [a shining eye]
 78817 | Slime:5  | Entered Level 5 of the Pits of Slime
 79199 | Slime:5  | Found a viscous altar of Jiyva.
 79200 | Slime:5  | Noticed the Royal Jelly
 79204 | Slime:5  | Corrupted Slime:5
 79216 | Slime:5  | Killed the Royal Jelly
 79216 | Slime:5  | Reached skill level 1 in Spellcasting
 79407 | Slime:5  | Got a slimy rune of Zot
 79414 | Slime:5  | Identified the Handbook of Mutagenic Attacks
 79435 | Slime:5  | Got a twitching turquoise ring
 79436 | Slime:5  | Identified the ring of Elitism {Wiz +Inv Int+2 Dex+3} (You
                  | found it on level 5 of the Pits of Slime)
 79511 | Slime:5  | Identified The Foundations of Thaumaturgy
 79531 | Slime:5  | Lost mutation: Your spells are a little easier to cast, but
                  | a little less powerful. [potion of mutation]
 79531 | Slime:5  | Lost mutation: You are weak. (Str -2) [potion of mutation]
 79531 | Slime:5  | Lost mutation: You are partially covered in large bone
                  | plates. (SH +4) [potion of mutation]
 79531 | Slime:5  | Gained mutation: You are partially covered in large bone
                  | plates. (SH +4) [potion of mutation]
 79531 | Slime:5  | Gained mutation: Your muscles are strong. (Str +2) [potion
                  | of mutation]
 79531 | Slime:5  | Gained mutation: You have large cloven feet. [potion of
                  | mutation]
 79620 | Slime:2  | Gained mutation: Your spells are a little easier to cast,
                  | but a little less powerful. [a shining eye]
 79749 | Lair:1   | Killed PanSaczeczos's ghost
 79884 | Orc:2    | Bought a potion of mutation for 96 gold pieces
 80100 | Depths:2 | Bought 2 potions of mutation for 528 gold pieces
 80100 | Depths:2 | Bought a smoking granite ring for 165 gold pieces
 80100 | Depths:2 | Identified the ring of Siysch {+Blink rPois Dex+6 SInv}
                  | (You bought it in a shop on level 2 of the Depths)
 80103 | Depths:2 | Lost mutation: Armour fits poorly on your strangely shaped
                  | body. [potion of mutation]
 80103 | Depths:2 | Lost mutation: Your muscles are strong. (Str +2) [potion of
                  | mutation]
 80103 | Depths:2 | Gained mutation: You have hoof-like feet. [potion of
                  | mutation]
 80103 | Depths:2 | Gained mutation: You evolve. [potion of mutation]
 80164 | Zot:1    | Entered Level 1 of the Realm of Zot
 80614 | Crypt:1  | Entered Level 1 of the Crypt
 81082 | Crypt:1  | Identified the +3 leather armour of Plog {rF+++ Dex+5}
 81179 | Crypt:1  | Reached skill level 27 in Axes
 81569 | Crypt:2  | Gained mutation: Your natural rate of healing is unusually
                  | fast. [evolution]
 81642 | Crypt:2  | Found a transporter.
 81643 | Crypt:2  | Found a shimmering blue altar of Sif Muna.
 81756 | Crypt:2  | Reached skill level 5 in Spellcasting
 82403 | Crypt:3  | Entered Level 3 of the Crypt
 83438 | Crypt:3  | Found a staircase to the Tomb.
 83533 | Crypt:3  | Identified the +3 kite shield of Jiomn {+Inv rElec Str+2}
 83929 | Crypt:3  | Identified the ring of Innat {rF+ rC+ MR+}
 84182 | Crypt:3  | Identified the ring "Pysi Pock" {+Inv rElec Str-3 Stlth+}
 84182 | Crypt:3  | Noticed a greater mummy
 84445 | Crypt:3  | Identified the Guide on Sinister Arts
 84487 | Crypt:3  | Killed a greater mummy
 87004 | Zot:2    | Identified the amulet of Cavigi {Reflect rF+ SH+5 Stlth+}
 87005 | Zot:2    | Found a transporter.
 87013 | Zot:2    | Noticed a Killer Klown
 87015 | Zot:2    | Noticed an ancient lich
 87038 | Zot:2    | Found a transporter.
 88985 | Zot:3    | Noticed an orb of fire
 88989 | Zot:3    | Corrupted Zot:3
 88999 | Zot:3    | Killed an orb of fire
 89094 | Zot:3    | Lost mutation: You are partially covered in large bone
                  | plates. (SH +4) [evolution]
 90448 | Zot:4    | Found a runed translucent gate.
 90448 | Zot:4    | Found a runed translucent gate.
 90448 | Zot:4    | Found a runed translucent gate.
 90448 | Zot:4    | Noticed Zupsuwn's ghost (master BaIE)
 90899 | Zot:5    | Entered Level 5 of the Realm of Zot
 91080 | Hell     | Entered the Vestibule of Hell
 91080 | Hell     | Noticed Geryon
 91695 | Hell     | Killed Geryon
 91885 | Hell     | Found a gateway to the freezing wastes of Cocytus.
 91999 | Hell     | Found a gateway to the decaying netherworld of Tartarus.
 92092 | Hell     | Found a gateway to the ashen valley of Gehenna.
 92341 | Hell     | Found a gateway to the Iron City of Dis.
 92519 | Depths:2 | Bought a scroll of acquirement for 1716 gold pieces
 92519 | Depths:2 | Acquired a +2 executioner's axe of venom
 92758 | Zot:5    | Identified the +1 cloak of Subjectivity {Harm Int+3 Dex+3}
                  | (You found it on level 5 of the Realm of Zot)
 93321 | Zot:5    | Noticed an ancient lich
 93361 | Zot:5    | Killed an ancient lich
 93435 | Zot:5    | Noticed an orb of fire
 93435 | Zot:5    | Lost mutation: Your natural rate of healing is unusually
                  | fast. [an orb of fire]
 93438 | Zot:5    | Gained mutation: You occasionally shout uncontrollably at
                  | your foes. [an orb of fire]
 93455 | Zot:5    | Killed an orb of fire
 93591 | Zot:5    | Noticed an orb of fire
 93612 | Zot:5    | Killed an orb of fire
 93804 | Zot:5    | Noticed an orb of fire
 93805 | Zot:5    | Noticed an orb of fire
 93806 | Zot:5    | Gained mutation: Your magical capacity is low. (-10% MP)
                  | [an orb of fire]
 93809 | Zot:5    | Gained mutation: You are dopey. (Int -2) [an orb of fire]
 93814 | Zot:5    | Gained mutation: Potions are less effective at restoring
                  | your health. [an orb of fire]
 93823 | Zot:5    | Killed an orb of fire
 93828 | Zot:5    | Gained mutation: You are weak. (Str -2) [an orb of fire]
 93835 | Zot:5    | Gained mutation: You are frail. (-10% HP) [an orb of fire]
 93840 | Zot:5    | Gained mutation: You do not regenerate when monsters are
                  | visible. [an orb of fire]
 93841 | Zot:5    | Noticed a Killer Klown
 93846 | Zot:5    | Gained mutation: Scrolls take you a little longer to read.
                  | [an orb of fire]
 93847 | Zot:5    | Killed an orb of fire
 93853 | Zot:5    | Killed a Killer Klown
 93858 | Zot:5    | Lost mutation: Your body sometimes deteriorates upon taking
                  | damage. [potion of mutation]
 93858 | Zot:5    | Lost mutation: Your magical capacity is low. (-10% MP)
                  | [potion of mutation]
 93858 | Zot:5    | Lost mutation: Your spells are a little easier to cast, but
                  | a little less powerful. [potion of mutation]
 93859 | Zot:5    | Lost mutation: Potions are less effective at restoring your
                  | health. [potion of mutation]
 93859 | Zot:5    | Lost mutation: Scrolls take you a little longer to read.
                  | [potion of mutation]
 93859 | Zot:5    | Gained mutation: Your body sometimes deteriorates upon
                  | taking damage. [potion of mutation]
 93859 | Zot:5    | Gained mutation: Armour fits poorly on your strangely
                  | shaped body. [potion of mutation]
 94027 | Zot:5    | Noticed an orb of fire
 94030 | Zot:5    | Noticed an orb of fire
 94032 | Zot:5    | Corrupted Zot:5
 94033 | Zot:5    | Reached skill level 27 in Invocations
 94034 | Zot:5    | Noticed an orb of fire
 94037 | Zot:5    | Noticed a Killer Klown
 94045 | Zot:5    | Noticed an orb of fire
 94048 | Zot:5    | Gained mutation: You are very dopey. (Int -4) [an orb of
                  | fire]
 94050 | Zot:5    | Gained mutation: You are very weak. (Str -4) [an orb of
                  | fire]
 94051 | Zot:5    | Noticed an ancient lich
 94054 | Zot:5    | Gained mutation: You are very frail. (-20% HP) [an orb of
                  | fire]
 94055 | Zot:5    | Killed an orb of fire
 94056 | Zot:5    | Killed an orb of fire
 94057 | Zot:5    | Gained mutation: Your magical capacity is low. (-10% MP)
                  | [an orb of fire]
 94060 | Zot:5    | Killed an orb of fire
 94062 | Zot:5    | Killed an orb of fire
 94068 | Zot:5    | Killed an ancient lich
 94069 | Zot:5    | Killed a Killer Klown
 94081 | Zot:5    | Lost mutation: You occasionally shout uncontrollably at
                  | your foes. [potion of mutation]
 94081 | Zot:5    | Lost mutation: You are very dopey. (Int -4) [potion of
                  | mutation]
 94081 | Zot:5    | Gained mutation: You are surrounded by a mild repulsion
                  | field. (EV +2) [potion of mutation]
 94464 | Zot:4    | Lost mutation: You are dopey. (Int -2) [potion of mutation]
 94464 | Zot:4    | Lost mutation: Your magical capacity is low. (-10% MP)
                  | [potion of mutation]
 94464 | Zot:4    | Lost mutation: Your movements are slightly less encumbered
                  | by armour. (ER -2) [potion of mutation]
 94464 | Zot:4    | Lost mutation: You passively map a small area around you.
                  | [potion of mutation]
 94464 | Zot:4    | Gained mutation: You are partially covered in slimy green
                  | scales. (AC +2) [potion of mutation]
 94465 | Zot:4    | Lost mutation: Your body sometimes deteriorates upon taking
                  | damage. [potion of mutation]
 94465 | Zot:4    | Lost mutation: Armour fits poorly on your strangely shaped
                  | body. [potion of mutation]
 94465 | Zot:4    | Lost mutation: You are partially covered in slimy green
                  | scales. (AC +2) [potion of mutation]
 94465 | Zot:4    | Lost mutation: You are very frail. (-20% HP) [potion of
                  | mutation]
 94465 | Zot:4    | Lost mutation: You evolve. [potion of mutation]
 94465 | Zot:4    | Gained mutation: You possess an exceptional clarity of
                  | mind. [potion of mutation]
 94799 | Zot:5    | Got the Orb of Zot
 95449 | D:1      | Lost mutation: You are very weak. (Str -4) [potion of
                  | mutation]
 95449 | D:1      | Lost mutation: You possess an exceptional clarity of mind.
                  | [potion of mutation]
 95449 | D:1      | Lost mutation: You are frail. (-10% HP) [potion of
                  | mutation]
 95449 | D:1      | Gained mutation: You have hooves in place of feet. [potion
                  | of mutation]
 95493 | D:$      | Escaped with the Orb!

Illustrated notes

Levels and vault maps discovered:
D:1:      dpeg_arrival_arbitrary_a, layout_basic, supply_closet_lemuel
D:2:      layout_loops_ring, minmay_misc_feat_x, chequers_serial_rivers_micro_c
D:3:      layout_basic, uniq_ijyb
D:4:      layout_loops_ring, cheibriados_altar_1, makhleb_altar_promises_db,
          kennysheep_mini_moat, cheibrodos_ashenzari_chains,
          minmay_close_crescents, uniq_eustachio, uniq_grinder, uniq_menkaure
D:5:      layout_gridville, okawaru_ov_weapons_minmay, gup_ossuary_entry_pyramid
D:6:      layout_loops_corners, kennysheep_ying_yang,
          minmay_temple_entry_offerings
D:7:      layout_basic, lemuel_doored_altar, ebering_ghost_reflecting_pool
D:8:      layout_cave_pools, david_lair_generic, serial_gnoll_camp,
          gnoll_camp_medium_02, gnoll_camp_mini_shop, gnoll_camp_mini_loothouse,
          gnoll_camp_mini_hut, gnoll_camp_mini_doghouse, gnoll_camp_mini_basic,
          minmay_fractal_squares_gapless_5, uniq_gastronok
D:9:      layout_big_octagon, david_orc_3, serial_shops, shop,
          serial_column_ruins, column_ruins_hut_pillars, column_ruins_open_tiny,
          column_ruins_grid_1, column_ruins_open_small_water,
          column_ruins_columns_dead_end, column_ruins_columns_straight,
          column_ruins_corridor_straight
D:10:     layout_basic, enter_bailey_3
D:11:     minmay_s_stair_smasher, layout_basic, enter_trove_0,
          gauntlet_entry_generic
D:12:     minmay_tri_box, layout_cave_pods, hangedman_pestilent_swarm
D:13:     layout_cave_pools, david_vaults_1
D:14:     layout_cave_pools, kennysheep_flooded_box, uniq_jorgrun, uniq_roxanne,
          uniq_snorg
D:15:     hangedman_depths_entry_civil_slaughter, layout_cave_pods,
          moated_statue, grunt_ministairs_15, uniq_agnes, uniq_rupert,
          uniq_nessos
Temple:   dpeg_chambers_temple
Lair:1:   layout_roguey, hellmonk_ghost_happy_afterlife, serial_bayou_shore_b,
          grunt_megastairs_2, minmay_lair_oklob_chamber,
          infiniplex_staircase_pool_2
Lair:2:   layout_regular_city, minmay_snake_entry_spellcaster,
          infiniplex_staircase_pool, grunt_megastairs_1
Lair:3:   layout_gridlike, gammafunk_ghost_abyssal_escape, lemuel_fruit_tree,
          grunt_megastairs_4, uniq_urug
Lair:4:   layout_concentric_octagons, swamp_mist
Lair:5:   dpeg_oklob_gauntlet, layout_long_grid, uniq_kirke
Lair:6:   evilmike_catoblepas_cave, layout_misc_corridors, slime_altar_1
Swamp:1:  gammafunk_sealed_arena, layout_basic_swamp,
          nicolae_swamp_fairy_circle, swamp_pool3, uniq_aizul
Swamp:2:  layout_basic_swamp, nicolae_swamp_dense_foliage, swamp_pool1
Swamp:3:  layout_falls_marsh, hangedman_swamp_ruin_wall
Swamp:4:  grunt_swamp_rune_castle, layout_basic_swamp
Snake:1:  layout_onion, serial_shops, nicolae_shop_crystal, grunt_ministairs_14
Snake:2:  layout_chambers, uniq_vashnia
Snake:3:  layout_rooms, grunt_ministairs_3, st_stairs_7, drop_trap, uniq_donald
Snake:4:  grunt_snake_rune_spirals, layout_onion, nrook_guardian_serpent_double
Slime:1:  layout_caves
Slime:2:  layout_caves
Slime:3:  layout_caves, basic_altar
Slime:4:  layout_caves
Slime:5
Orc:1:    layout_caves, basic_altar, mines2_lemuel
Orc:2:    pf_orc_diabolical, layout_caves, nicolae_orc_pool_cavern
Elf:1:    minmay_elf_arrival_circle, layout_loops_cross, serial_shops,
          nicolae_shop_overgrown_old_shop, basic_altar,
          hangedman_corner_corridor, grunt_ministairs_3, minivault_27,
          minivault_16, serial_sigils_hangedman_gut, moated_statue, drop_trap
Elf:2:    layout_geoelf_grid
Elf:3:    grunt_elf_hall_spiral, layout_loops_ring
Vaults:1: nicolae_vaults_stairing_the_circle, ontoclasm_vaults_gateway,
          v_rooms_2, v_misc_5, v_pattern_5, special_room_vaults
          [special_room_orc], nicolae_vaults_circle_grid_b,
          layout_vaults_chaotic_city, infiniplex_enter_wizlab_water
Vaults:2: vaults_mumra_minichess, vaults_room_fours,
          nicolae_vaults_diagonal_hallway_7, minmay_crypt_entry_simple_box,
          st_star, nicolae_vaults_windows_and_doors_thing, v_misc_12, v_misc_30,
          v_misc_31, layout_vaults_omnigrid, serial_shops, bzr_entry_road,
          serial_glass
Vaults:3: nicolae_vaults_border_crossing, grunt_vaults_swirl,
          ontoclasm_vaults_chip, v_pattern_1, v_misc_18,
          ontoclasm_vaults_bender, nicolae_vaults_circle_grid_b,
          vaults_dpeg_cross, v_misc_16, layout_vaults_omnibox, uniq_xtahua
Vaults:4: v_alt_pattern_1, v_misc_8, ontoclasm_vaults_ligature, v_pattern_4,
          v_alt_pattern_1, dpeg_vaults_monster_box, nicolae_vaults_network_star,
          hangedman_vaults_stream, vaults_room_fancy_cross, v_rooms_3,
          v_misc_11, nicolae_vaults_back_hallway, vaults_room_pool,
          layout_vaults_maze_snakey
Vaults:5
Crypt:1:  layout_chaotic_city, grunt_ministairs_15,
          grunt_crypt_arrival_guarded_gate
Crypt:2:  gammafunk_sealed_library, layout_gridlike, grunt_megastairs_3,
          lemuel_elevator
Crypt:3:  due_elkab, layout_chaotic_city
Depths:1: minmay_spriggan_fort, layout_cave_pools, serial_rivers,
          chequers_serial_rivers_micro_d, chequers_serial_rivers_room_b,
          chequers_serial_rivers_micro_b, chequers_serial_rivers_small_b,
          hangedman_coc_ice_floe, hangedman_eye_storm
Depths:2: little_maze_vault, layout_cave_shapes, abyss_entry, lightli_too_deep,
          minmay_misc_feat_tiny, evilmike_ambush [evilmike_ambush_outer_basic,
          evilmike_ambush_inner_basic], minmay_shoptagon
Depths:3: minmay_distorted_concentric_squares, layout_gridlike,
          rand_demon_pan_entry_4, abyss_entry, minmay_strange_pillars,
          hell_entry, uniq_margery
Depths:4: minmay_the_grid_octo_tiled_squarecenter
          [minmay_the_grid_octo_odd_swirl, minmay_the_grid_octo_thin_diamonds,
          minmay_the_grid_octo_pinwheel, minmay_the_grid_octo_checkered,
          minmay_the_grid_square_5x5_megaprize_crossed,
          minmay_the_grid_square_5x5_broken_cross,
          minmay_the_grid_square_5x5_bridge,
          minmay_the_grid_square_5x5_tetrominoes,
          minmay_the_grid_square_5x5_two_small], layout_gridville,
          enter_ziggurat_f, abyss_entry_glasseish, hell_entry, minmay_holes,
          infiniplex_staircase_zigzag_4
Depths:5: grunt_x_marks_the_spot, layout_basic, serial_bayou_lagoon_a,
          pf_hell_entry_tar_spiral, minmay_misc_feat_diagonals,
          serial_bayou_ford_a
Hell
Zot:1:    layout_twisted_circle
Zot:2:    gammafunk_the_bubble [the_bubble_gammafunk_plus_minus],
          layout_cellular_growth
Zot:3:    layout_cathedral_of_symmetry, st_single_dragon_hoard_4
Zot:4:    layout_onion, ebering_ghost_rock_garden
Zot:5:    layout_cellular_growth

Skill      XL: |  1  2  3  4  5  6  7  8  9 10 11 12 13 14 15 16 17 18 19 20 21 22 23 24 25 26 27 |
---------------+----------------------------------------------------------------------------------+-----
Axes           | 3 4 6 7 9 10 11 12 13 15 16 17 18 19 20 21 22 23 24 27 | 27.0
Armour         | 3 4 5 7 8 9 10 11 12 13 14 15 16 23 | 23.8
Fighting       | 4 5 6 7 8 9 10 11 12 13 14 15 16 17 18 19 25 | 25.6
Invocations    | 3 4 5 7 8 9 10 11 12 13 14 15 16 17 18 19 20 27 | 27.0
Shields        | 1 4 6 8 10 11 12 13 14 15 | 15.0
Evocations     | 2 5 7 8 9 10 11 12 14 | 14.7
Dodging        | 4 6 7 9 10 12 | 12.0
Spellcasting   | 5 |  5.0

Action                   |  1- 3 |  4- 6 |  7- 9 | 10-12 | 13-15 | 16-18 | 19-21 | 22-24 | 25-27 || total
-------------------------+-------+-------+-------+-------+-------+-------+-------+-------+-------++-------
Melee: Hand axe          |   127 |   242 |   446 |   470 |       |       |   139 |       |       ||  1424
       Kick              |       |       |     2 |   181 |       |       |       |       |     1 ||   184
       War axe           |       |       |       |   322 |   126 |       |       |       |     8 ||   456
       Battleaxe         |       |       |       |       |   580 |  1606 |  1772 |  1436 |  3918 ||  9312
       Whip              |       |       |       |       |    56 |    49 |       |       |       ||   105
       Executioner's axe |       |       |       |       |       |       |       |       |   275 ||   275
Invok: Depart the Abyss  |     1 |       |       |       |       |       |       |       |     2 ||     3
       Banish            |       |       |     1 |     2 |     8 |     3 |     3 |       |     6 ||    23
       Corrupt           |       |       |       |       |       |       |     4 |     1 |     3 ||     8
       Enter the Abyss   |       |       |       |       |       |       |       |       |     1 ||     1
 Abil: Dig               |       |       |     5 |     3 |    16 |     7 |       |       |    17 ||    48
       Shaft Self        |       |       |     2 |       |       |       |       |       |       ||     2
Evoke: Wand              |       |       |     9 |       |       |     1 |       |     3 |       ||    13
  Use: Scroll            |       |     4 |     4 |     3 |    11 |     2 |     8 |     1 |    28 ||    61
       Potion            |       |     1 |     7 |       |     1 |       |       |       |    14 ||    23
 Stab: Paralysed         |       |       |       |       |       |       |       |       |     3 ||     3
       Distracted        |       |       |       |       |       |       |       |       |     1 ||     1
Armor: Leather armour    |     3 |       |       |       |       |       |       |       |       ||     3
       Ring mail         |    49 |    20 |       |       |       |       |       |       |       ||    69
       Crystal plate arm |       |   226 |   333 |   372 |   237 |   303 |   454 |   326 |   434 ||  2685
       Scale mail        |       |       |       |       |       |    86 |    44 |       |       ||   130
       Gold dragon scale |       |       |       |       |       |       |       |       |   686 ||   686
Dodge: Dodged            |    77 |    52 |   154 |   228 |   157 |   351 |   460 |   358 |  1295 ||  3132
Block: Other             |       |       |     1 |    37 |       |       |       |       |       ||    38
       Kite shield       |       |       |       |   383 |    63 |       |       |       |       ||   446
       Tower shield      |       |       |       |       |   677 |  1898 |  2031 |  1496 |  4493 || 10595

Table legend: (Time is in decaauts)
 A = Elapsed time spent in this place.
 B = Non-inter-level travel time spent in this place.
 C = Inter-level travel time spent in this place.
 D = Time resting spent in this place.
 E = Time spent auto-exploring this place.
 F = Levels seen in this place.
 G = Mean time per level.
                   A        B        C        D        E       F      G
               +--------+--------+--------+--------+--------+-----+--------+
         Total |  93345 |  86685 |   6660 |  30780 |  25937 |  66 | 1414.3 |
       Dungeon |  23292 |  20916 |   2376 |   7820 |   7300 |  15 | 1552.8 |
        Temple |    211 |    189 |     22 |      0 |    188 |   1 |  211.0 |
          Lair |   9037 |   8283 |    754 |   2695 |   2955 |   6 | 1506.2 |
         Swamp |   4564 |   4364 |    200 |   1385 |   1096 |   4 | 1141.0 |
     Snake Pit |   9977 |   9770 |    207 |   4547 |   1720 |   4 | 2494.2 |
    Slime Pits |   1047 |    991 |     56 |    375 |      0 |   5 |  209.4 |
  Orcish Mines |   3531 |   3357 |    174 |   1278 |    644 |   2 | 1765.5 |
   Elven Halls |   4724 |   4374 |    350 |   1126 |   1480 |   3 | 1574.7 |
        Vaults |   9024 |   8214 |    810 |   2010 |   3379 |   5 | 1804.8 |
         Crypt |   4202 |   3991 |    211 |   1057 |   1575 |   3 | 1400.7 |
        Depths |  11810 |  10842 |    968 |   4649 |   2932 |   5 | 2362.0 |
          Hell |    760 |    747 |     13 |    195 |    148 |   1 |  760.0 |
           Zot |   8101 |   7586 |    515 |   2685 |   2306 |   5 | 1620.2 |
         Abyss |    629 |    629 |      0 |    378 |      0 |   3 |  209.7 |
        Bazaar |    133 |    133 |      0 |      0 |      0 |   1 |  133.0 |
       Ossuary |    291 |    291 |      0 |    123 |      0 |   1 |  291.0 |
        Wizlab |   1099 |   1099 |      0 |    157 |    212 |   1 | 1099.0 |
      Gauntlet |    903 |    903 |      0 |    298 |      0 |   1 |  903.0 |
               +--------+--------+--------+--------+--------+-----+--------+

Top non-repeatable levels by time:
 Snake:4: 4598 daAuts
Depths:1: 3295 daAuts
Depths:2: 3219 daAuts
     D:9: 2699 daAuts
   Orc:2: 2604 daAuts
Depths:5: 2407 daAuts
 Snake:2: 2314 daAuts
Vaults:5: 2313 daAuts
Vaults:2: 2234 daAuts
  Lair:2: 2174 daAuts
   Elf:2: 2133 daAuts
     D:3: 2044 daAuts
     D:2: 2015 daAuts
 Snake:3: 2003 daAuts
 Crypt:3: 1993 daAuts
